 Dungeon Crawl Stone Soup version 0.31-a0-331-geda263fcf1 (webtiles) character file.

Game seed: 2896427913221626844

165 Dirtsage the Changeling (level 5, -1/34 HPs)
             Began as an Octopode Shapeshifter on July 19, 2023.
             Slain by a gnoll
             ... wielding a +0 halberd
              (8 damage)
             ... on level 4 of the Dungeon.
             The game lasted 00:07:05 (2403 turns).

Dirtsage the Changeling (Octopode Shapeshifter)     Turns: 2403, Time: 00:07:05

Health: -1/34      AC:  1    Str: 15    XL:     5   Next: 46%
Magic:  14/14      EV: 13    Int: 18    God:
Gold:   298        SH:  0    Dex: 12    Spells: 4/4 levels left

rFire   . .          .
                       - Unarmed
rCold   . . .        (no shield)
rNeg    . . .        (helmet currently unavailable)
rPois   .            (no amulet)
rElec   .            j - ring of magical power
rCorr   .            o - +6 ring of intelligence
SInv    .            (no ring)
Will    .....        (no ring)
Stlth   ++           (no ring)
HPRegen 0.25/turn    (no ring)
MPRegen 0.14/turn    (no ring)
                     (no ring)

%: no passive effects
@: beast-form
A: beast (slay +2), almost no armour, amphibious, 8 rings, camouflage 1,
gelatinous body 1, (nimble swimmer 1), tentacles
a: Begin Untransformation


You were on level 4 of the Dungeon.
You were a hulking beast.
You visited 1 branch of the dungeon, and saw 4 of its levels.

You collected 298 gold pieces.

Inventory:

Jewellery
 j - a ring of magical power (left tentacle)
 o - a +6 ring of intelligence (right tentacle)
Talismans
 b - a beast talisman
Wands
 i - a wand of flame (13)
Scrolls
 e - a scroll of butterflies {unknown}
 g - a scroll of torment {unknown}
 h - 3 scrolls of immolation {unknown}
 k - a scroll of fog {unknown}
 l - 3 scrolls of identify {unknown}
 m - a scroll of amnesia {unknown}
 q - a scroll of revelation {unknown}
 r - a scroll of teleportation {unknown}
Potions
 a - a potion of lignification
 c - 2 potions of cancellation {unknown}
 d - 4 potions of curing {unknown}
 f - a potion of enlightenment {unknown}
 n - a potion of berserk rage {unknown}
 p - a potion of attraction {unknown}


   Skills:
 - Level 2.0 Fighting
 - Level 2.0 Dodging
 + Level 4.1 Unarmed Combat
 + Level 4.2 Shapeshifting


You had 4 spell levels left.
You didn't know any spells.
Your spell library was empty.

Dungeon Overview and Level Annotations

Branches:
Dungeon (4/15)
 Temple: D:4-7

Altars:
Uskayaw


Innate Abilities, Weirdness & Mutations

You are a hulking beast.
Your limbs bulge with bestial killing power. (Slay +2)
You cannot wear most types of armour.
You are amphibious.
You can wear up to eight rings at the same time.
Your skin changes colour to match your surroundings (Stealth+).
Your rubbery body absorbs attacks. (AC +1, EV +1)
((You are camouflaged when in or above water. (Stealth+)))
You have tentacles for arms and can constrict up to eight enemies at once.


Message History

The gnoll hits you with a +0 flail of protection!
You take 7 damage, and have 16/34 hp.
MASSIVE DAMAGE!!
You tentacle-slap the gnoll but do no damage.
The gnoll is severely wounded.
You constrict the gnoll. The gnoll closely misses you.
You tentacle-slap the gnoll but do no damage.
The gnoll is almost dead.
You constrict the gnoll.
You kill the gnoll!
The ball python attacks as you move away!
The ball python bites you.
You take 1 damage, and have 15/34 hp.
The ball python barely misses you. The ball python grabs you.
The ball python constricts you.
You escape the ball python's grasp.
The ball python attacks as you move away!
The ball python closely misses you. The ball python barely misses you. x2
The ball python attacks as you move away!
The ball python bites you.
Items here: )) [ †.
You take 1 damage, and have 15/34 hp.
The ball python bites you. The ball python closely misses you.
You take 1 damage, and have 14/34 hp.
You barely miss the ball python. You grab the ball python.
You constrict the ball python. The ball python misses you.
The ball python closely misses you.
You tentacle-slap the ball python.
The ball python is severely wounded.
You constrict the ball python.
You kill the ball python!
You tentacle-slap the gnoll. Your grab misses the gnoll.
The gnoll is heavily wounded.
The gnoll hits you with a +0 halberd!
* * * LOW HITPOINT WARNING * * *
You take 7 damage, and have 7/34 hp.
MASSIVE DAMAGE!!
You closely miss the gnoll. You grab the gnoll. You squeeze the gnoll.
The gnoll is severely wounded.
You constrict the gnoll. The gnoll hits you with a +0 halberd!
You die...

# ....
#...#####.#######
'...'.g..........
#...#####.###### .
<.......†# # ### ###
##########..#
###.###.###.###.###g..#
#..#.#.#.#.#.#.#.#g..##
...#.#.#.#.#.#.#h#...#
..###.###.###.###g##.#
#+# ### ### ### ####.#
..# .## #


You could see a gnoll.

Vanquished Creatures
  Robin (D:3)
  3 gnolls
  2 adders (D:2)
  3 worms
  2 orcs (D:4)
  17 ball pythons
  8 endoplasms
  5 giant cockroaches
  9 hobgoblins
  3 jackals (D:3)
  4 quokkas
  4 bats
  3 frilled lizards (D:1)
  18 goblins
  3 kobolds
  2 rats (D:2)
87 creatures vanquished.

Notes
Turn   | Place    | Note
-------+----------+-------------------------------------------
     0 | D:1      | Dirtsage the Octopode Shapeshifter began the quest for the
                  | Orb.
     0 | D:1      | Reached XP level 1. HP: 14/14 MP: 1/1
    91 | D:1      | Reached XP level 2. HP: 16/19 MP: 2/2
   155 | D:1      | Found a faded altar of an unknown god.
   215 | D:1      | Reached XP level 3. HP: 24/24 MP: 3/3
   320 | D:1      | Saving game... please wait.
   928 | D:2      | Reached XP level 4. HP: 28/29 MP: 4/4
  1091 | D:2      | Found a hide-covered altar of Uskayaw.
  2022 | D:3      | Noticed Robin
  2045 | D:3      | Reached XP level 5. HP: 31/34 MP: 5/5
  2091 | D:3      | Killed Robin
  2403 | D:4      | Slain by a gnoll

Illustrated notes

Levels and vault maps discovered:
D:1:      heliophobic_arrival_henge, layout_basic,
          shapermc_ecumenical_altar_mp_highgroup
D:2:      layout_basic, basic_altar, minivault_27, serial_bayou_lagoon_b
D:3:      kennysheep_goblin_castle, layout_rooms
D:4:      layout_basic, serial_shops, shop_fountains, grunt_decor_resistance

Skill      XL: |  1  2  3  4  5 |
---------------+----------------+-----
Unarmed Combat | 3 4 |  4.1
Shapeshifting  | 4 |  4.2
Fighting       | |  2.0
Dodging        | |  2.0

Action                     |  1- 3 |  4- 6 || total
---------------------------+-------+-------++-------
  Melee: Unarmed           |    50 |    87 ||   137
         Constrict         |    11 |    27 ||    38
         Tentacles         |    10 |    19 ||    29
         Punch             |     1 |     3 ||     4
   Stab: Sleeping          |     9 |     8 ||    17
 Armour: Skin              |     3 |     8 ||    11
  Dodge: Dodged            |    17 |    44 ||    61

Table legend: (Time is in decaauts)
 A = Elapsed time spent in this place.
 B = Non-inter-level travel time spent in this place.
 C = Inter-level travel time spent in this place.
 D = Time resting spent in this place.
 E = Time spent auto-exploring this place.
 F = Levels seen in this place.
 G = Mean time per level.
                   A        B        C        D        E       F      G
               +--------+--------+--------+--------+--------+-----+--------+
         Total |   2392 |   2315 |     77 |    129 |   1703 |   4 |  598.0 |
       Dungeon |   2392 |   2315 |     77 |    129 |   1703 |   4 |  598.0 |
               +--------+--------+--------+--------+--------+-----+--------+

Top non-repeatable levels by time:
     D:2: 770 daAuts
     D:1: 733 daAuts
     D:3: 650 daAuts
     D:4: 238 daAuts
